| TOP OF THE 1ST |
|
Niagara Falls Phantoms batting - Pitching for Chester Pirates : RHP Jon Taylor
|
|
Pitching: RHP Jon Taylor
|
|
|
Batting: RHB Alfredo Mendez
|
0-0: Swinging Strike 0-1: Swinging Strike 0-2: Foul Ball, location: 2F 0-2: Strikes out swinging
|
|
Batting: SHB Bruce Shelton
|
0-0: Called Strike 0-1: Called Strike 0-2: DOUBLE (Line Drive, 9LS, EV 103.1 MPH)
|
|
Batting: RHB Jose Villanueva
|
0-0: Ball 1-0: Ball 2-0: Called Strike 2-1: Ground out 4-3 (Groundball, 4, EV 86.2 MPH) Bruce Shelton to third
|
|
Batting: RHB Scott Cuff
|
0-0: Foul Ball, location: 2F 0-1: Foul Ball, location: 2F 0-2: Ball 1-2: Strikes out swinging
|
| Top of the 1st over - 0 runs, 1 hit, 0 errors, 1 left on base; Niagara Falls 0 - Chester 0 |
| BOTTOM OF THE 1ST |
|
Chester Pirates batting - Pitching for Niagara Falls Phantoms : LHP Tony de la Cruz
|
|
Pitching: LHP Tony de la Cruz
|
|
|
Batting: RHB Edwardo Tanchez
|
0-0: Ball 1-0: Swinging Strike 1-1: Swinging Strike 1-2: Foul Ball, location: 2F 1-2: SINGLE (Groundball, 56, EV 96.9 MPH)
|
|
Batting: SHB Mike Corley
|
0-0: Ball 1-0: Ball 2-0: Ball 3-0: Called Strike 3-1: Base on Balls Edwardo Tanchez to second
|
|
Batting: RHB Zach Chmieleski
|
0-0: Swinging Strike 0-1: Swinging Strike 0-2: Ball 1-2: Strikes out swinging
|
|
Batting: RHB Hugo Montemayor
|
0-0: Foul Ball, location: 2F 0-1: Grounds into double play, 3-6-3 (Groundball, 34S, EV 88.8 MPH)
|
| Bottom of the 1st over - 0 runs, 1 hit, 0 errors, 1 left on base; Niagara Falls 0 - Chester 0 |
| TOP OF THE 2ND |
|
Niagara Falls Phantoms batting - Pitching for Chester Pirates : RHP Jon Taylor
|
|
Batting: RHB Bailey Hays
|
0-0: Called Strike 0-1: Swinging Strike 0-2: Strikes out swinging
|
|
Batting: RHB Jim O'Dwyer
|
0-0: Ball 1-0: SINGLE (Groundball, 4MD, EV 108.1 MPH)
|
|
Batting: LHB Rip Log
|
0-0: Fly out, F9 (Flyball, 9D, EV 95.6 MPH)
|
|
Batting: RHB Greg Oxford
|
0-0: Ground out U3 (Groundball, 23, EV 82.5 MPH)
|
| Top of the 2nd over - 0 runs, 1 hit, 0 errors, 1 left on base; Niagara Falls 0 - Chester 0 |
| BOTTOM OF THE 2ND |
|
Chester Pirates batting - Pitching for Niagara Falls Phantoms : LHP Tony de la Cruz
|
|
Batting: LHB Tommie Benefield
|
0-0: Called Strike 0-1: Ball 1-1: Fly out, F7 (Flyball, 7, EV 79.4 MPH)
|
|
Batting: RHB Zachery Loomis
|
0-0: Swinging Strike 0-1: Foul Ball, location: 2F 0-2: Foul Ball, location: 2F 0-2: Strikes out swinging
|
|
Batting: LHB Ernesto Gasca
|
0-0: Foul Ball, location: 2F 0-1: Ball 1-1: Foul Ball, location: 2F 1-2: Foul Ball, location: 2F 1-2: Foul Ball, location: 2F 1-2: Fly out, F9 (Flyball, 9, EV 96.2 MPH)
|
| Bottom of the 2nd over - 0 runs, 0 hits, 0 errors, 0 left on base; Niagara Falls 0 - Chester 0 |
| TOP OF THE 3RD |
|
Niagara Falls Phantoms batting - Pitching for Chester Pirates : RHP Jon Taylor
|
|
Batting: RHB Juan Perez
|
0-0: Called Strike 0-1: Called Strike 0-2: Ball 1-2: Strikes out swinging
|
|
Batting: RHB Alfredo Mendez
|
0-0: Ball 1-0: Called Strike 1-1: Foul Ball, location: 2F 1-2: Ground out 6-3 (Groundball, 6, EV 82.5 MPH)
|
|
Batting: SHB Bruce Shelton
|
0-0: Ball 1-0: Called Strike 1-1: Swinging Strike 1-2: Strikes out looking
|
| Top of the 3rd over - 0 runs, 0 hits, 0 errors, 0 left on base; Niagara Falls 0 - Chester 0 |
| BOTTOM OF THE 3RD |
|
Chester Pirates batting - Pitching for Niagara Falls Phantoms : LHP Tony de la Cruz
|
|
Batting: LHB Sean Driscoll
|
0-0: Called Strike 0-1: Foul Ball, location: 2F 0-2: Ball 1-2: SOLO HOME RUN (Flyball, 9LD, EV 91.9 MPH), Distance : 354 ft
|
|
Batting: RHB Joe Stepnowski
|
0-0: Called Strike 0-1: Ball 1-1: Ball 2-1: Foul Ball, location: 2F 2-2: Foul Ball, location: 2F 2-2: Ball 3-2: Strikes out swinging
|
|
Batting: RHB Edwardo Tanchez
|
0-0: Called Strike 0-1: Foul Ball, location: 2F 0-2: Ball 1-2: Foul Ball, location: 2F 1-2: Ball 2-2: Ball 3-2: SINGLE (Line Drive, 89S, EV 98.1 MPH)
|
|
Batting: SHB Mike Corley
|
0-0: Called Strike 0-1: Fielders Choice at 2nd, 5-4 (Groundball, 5S, EV 90.6 MPH)
|
|
Batting: RHB Zach Chmieleski
|
0-0: Ball 1-0: Swinging Strike 1-1: Ball Mike Corley is caught stealing 2nd base 2-4
|
| Bottom of the 3rd over - 1 run, 2 hits, 0 errors, 0 left on base; Niagara Falls 0 - Chester 1 |
| TOP OF THE 4TH |
|
Niagara Falls Phantoms batting - Pitching for Chester Pirates : RHP Jon Taylor
|
|
Batting: RHB Jose Villanueva
|
0-0: Ball 1-0: Foul Ball, location: 2F 1-1: Ball 2-1: Ball 3-1: Base on Balls
|
|
Batting: RHB Scott Cuff
|
0-0: SINGLE (Line Drive, 7S, EV 84.4 MPH) Jose Villanueva to second
|
|
Batting: RHB Bailey Hays
|
0-0: Ball 1-0: Called Strike 1-1: Foul Ball, location: 2F 1-2: Foul Ball, location: 2F 1-2: Foul Ball, location: 2F 1-2: Strikes out swinging
|
|
Batting: RHB Jim O'Dwyer
|
0-0: Ball 1-0: Foul Ball, location: 2F 1-1: Swinging Strike 1-2: Ball 2-2: Foul Ball, location: 2F 2-2: Ball 3-2: Foul Ball, location: 2F 3-2: Strikes out swinging
|
|
Batting: LHB Rip Log
|
0-0: Ball 1-0: Ball 2-0: Ball 3-0: Called Strike 3-1: Ground out U3 (Groundball, 34S, EV 82.5 MPH)
|
| Top of the 4th over - 0 runs, 1 hit, 0 errors, 2 left on base; Niagara Falls 0 - Chester 1 |
| BOTTOM OF THE 4TH |
|
Chester Pirates batting - Pitching for Niagara Falls Phantoms : LHP Tony de la Cruz
|
|
Batting: RHB Zach Chmieleski
|
0-0: Called Strike 0-1: Ball 1-1: DOUBLE (Line Drive, 9LS, EV 101.9 MPH)
|
|
Batting: RHB Hugo Montemayor
|
0-0: Ball 1-0: Foul Ball, location: 2F 1-1: Ball 2-1: Swinging Strike 2-2: Foul Ball, location: 2F 2-2: Ground out 5-3 (Groundball, 56, EV 90.6 MPH)
|
|
Batting: LHB Tommie Benefield
|
0-0: DOUBLE (Line Drive, 9D, EV 90.0 MPH) Zach Chmieleski scores
|
|
Batting: RHB Zachery Loomis
|
0-0: Ball 1-0: Ball 2-0: Ball 3-0: Base on Balls
|
|
Batting: LHB Ernesto Gasca
|
0-0: Foul Ball, location: 2F 0-1: Swinging Strike 0-2: Ball 1-2: Strikes out swinging
|
|
Batting: LHB Sean Driscoll
|
0-0: Ball 1-0: Called Strike 1-1: Swinging Strike 1-2: Strikes out looking
|
| Bottom of the 4th over - 1 run, 2 hits, 0 errors, 2 left on base; Niagara Falls 0 - Chester 2 |
| TOP OF THE 5TH |
|
Niagara Falls Phantoms batting - Pitching for Chester Pirates : RHP Jon Taylor
|
|
Batting: RHB Greg Oxford
|
0-0: Foul Ball, location: 2F 0-1: Ball 1-1: Ball 2-1: Foul Ball, location: 2F 2-2: Ground out 4-3 (Groundball, 4M, EV 103.8 MPH)
|
|
Batting: RHB Juan Perez
|
0-0: Swinging Strike 0-1: Ball 1-1: Fly out, F9 (Flyball, 89M, EV 93.8 MPH)
|
|
Batting: RHB Alfredo Mendez
|
0-0: Called Strike 0-1: Called Strike 0-2: Ground out 6-3 (Groundball, 6S, EV 86.2 MPH)
|
| Top of the 5th over - 0 runs, 0 hits, 0 errors, 0 left on base; Niagara Falls 0 - Chester 2 |
| BOTTOM OF THE 5TH |
|
Chester Pirates batting - Pitching for Niagara Falls Phantoms : LHP Tony de la Cruz
|
|
Batting: RHB Joe Stepnowski
|
0-0: Ball 1-0: Swinging Strike 1-1: Ground out 6-3 (Groundball, 6, EV 78.1 MPH)
|
|
Batting: RHB Edwardo Tanchez
|
0-0: Foul Ball, location: 2F 0-1: DOUBLE (Groundball, 3L, EV 107.5 MPH)
|
|
Batting: SHB Mike Corley
|
0-0: Ground out U3 (Groundball, 34, EV 85.6 MPH) Edwardo Tanchez to third
|
|
Batting: RHB Zach Chmieleski
|
0-0: Ball 1-0: Ball 2-0: Ball 3-0: Base on Balls
|
|
Batting: RHB Hugo Montemayor
|
0-0: Foul Ball, location: 2F 0-1: Ball 1-1: Fly out, F7 (Flyball, 78S, EV 86.2 MPH)
|
| Bottom of the 5th over - 0 runs, 1 hit, 0 errors, 2 left on base; Niagara Falls 0 - Chester 2 |
| TOP OF THE 6TH |
|
Niagara Falls Phantoms batting - Pitching for Chester Pirates : RHP Jon Taylor
|
|
Batting: SHB Bruce Shelton
|
0-0: Fly out, F8 (Line Drive, 8RM, EV 94.4 MPH)
|
|
Batting: RHB Jose Villanueva
|
0-0: Foul Ball, location: 2F 0-1: Ball 1-1: Ball 2-1: SINGLE (Line Drive, 89M, EV 111.2 MPH)
|
|
Pitching: LHP Juan Hernandez
|
|
|
Batting: RHB Scott Cuff
|
0-0: Ball 1-0: Called Strike 1-1: Foul Ball, location: 2F 1-2: Ball 2-2: Strikes out swinging
|
|
Pinch Hitting: RHB Todd Wolters
|
0-0: Ball 1-0: Ball 2-0: Called Strike 2-1: Called Strike 2-2: Ball 3-2: Strikes out swinging
|
| Top of the 6th over - 0 runs, 1 hit, 0 errors, 1 left on base; Niagara Falls 0 - Chester 2 |
| BOTTOM OF THE 6TH |
|
Chester Pirates batting - Pitching for Niagara Falls Phantoms : LHP Tony de la Cruz
|
|
Now in LF: Victor Reyna
|
|
|
Batting: LHB Tommie Benefield
|
0-0: Called Strike 0-1: Foul Ball, location: 2F 0-2: Ball 1-2: Ball 2-2: Foul Ball, location: 2F 2-2: Foul Ball, location: 2F 2-2: Ball 3-2: Strikes out swinging
|
|
Batting: RHB Zachery Loomis
|
0-0: Called Strike 0-1: Ball 1-1: Ball 2-1: Foul Ball, location: 2F 2-2: Ball 3-2: Ground out 5-3 (Groundball, 56S, EV 89.4 MPH)
|
|
Batting: LHB Ernesto Gasca
|
0-0: SINGLE (Groundball, 4MD, EV 99.4 MPH)
|
|
Batting: LHB Sean Driscoll
|
0-0: Ball 1-0: Ball 2-0: Foul Ball, location: 2F 2-1: Swinging Strike 2-2: Foul Ball, location: 2F 2-2: Foul Ball, location: 2F 2-2: Ground out U3 (Groundball, 3, EV 81.9 MPH)
|
| Bottom of the 6th over - 0 runs, 1 hit, 0 errors, 1 left on base; Niagara Falls 0 - Chester 2 |
| TOP OF THE 7TH |
|
Niagara Falls Phantoms batting - Pitching for Chester Pirates : LHP Juan Hernandez
|
|
Batting: RHB Jim O'Dwyer
|
0-0: Called Strike 0-1: Foul Ball, location: 2F 0-2: Ground out U3 (Groundball, 34, EV 104.4 MPH)
|
|
Pinch Hitting: RHB Ben Underwood
|
0-0: Ball 1-0: Ball 2-0: Called Strike 2-1: Called Strike 2-2: Ball 3-2: Strikes out looking
|
|
Batting: RHB Greg Oxford
|
0-0: Ball 1-0: Ball 2-0: Ball 3-0: Called Strike 3-1: Base on Balls
|
|
Pinch Hitting: RHB Jonathan Feldstein
|
0-0: Ball 1-0: 2-RUN HOME RUN (Flyball, 78XD, EV 111.2 MPH), Distance : 434 ft
|
|
Batting: RHB Alfredo Mendez
|
0-0: Called Strike 0-1: Foul Ball, location: 2F 0-2: Ball 1-2: Foul Ball, location: 2F 1-2: Ball 2-2: Foul Ball, location: 2F 2-2: Strikes out swinging
|
| Top of the 7th over - 2 runs, 1 hit, 0 errors, 0 left on base; Niagara Falls 2 - Chester 2 |
| BOTTOM OF THE 7TH |
|
Chester Pirates batting - Pitching for Niagara Falls Phantoms : LHP Tony de la Cruz
|
|
Pitching: LHP Daniel Fagan
|
|
|
Now at SS: Brian Biordi
|
|
|
Now in LF: Luis Ponce
|
|
|
Now in RF: Victor Reyna
|
|
|
Batting: RHB Joe Stepnowski
|
0-0: Foul Ball, location: 2F 0-1: Called Strike 0-2: Ground out 6-3 (Groundball, P, EV 86.9 MPH)
|
|
Batting: RHB Edwardo Tanchez
|
0-0: Ball 1-0: Foul Ball, location: 2F 1-1: Foul Ball, location: 2F 1-2: Foul Ball, location: 2F 1-2: Ball 2-2: Ball 3-2: DOUBLE (Line Drive, 78D, EV 109.4 MPH)
|
|
Batting: SHB Mike Corley
|
0-0: Called Strike 0-1: Ball 1-1: Fly out, F8 (Flyball, 8RXD, EV 104.4 MPH) Runner from 2nd tags up, SAFE at 3rd, no throw by CF
|
|
Batting: RHB Zach Chmieleski
|
0-0: Called Strike 0-1: Ball 1-1: Ball 2-1: DOUBLE (Line Drive, 9LM, EV 100.6 MPH) Edwardo Tanchez scores
|
|
Batting: RHB Hugo Montemayor
|
0-0: Ball 1-0: SINGLE (Line Drive, 7S, EV 106.2 MPH) Zach Chmieleski to third
|
|
Batting: LHB Tommie Benefield
|
0-0: Called Strike 0-1: SINGLE (Groundball, 4MD, EV 103.1 MPH) Zach Chmieleski scores Hugo Montemayor to second
|
|
Batting: RHB Zachery Loomis
|
0-0: Foul Ball, location: 2F 0-1: Foul Ball, location: 2F 0-2: Foul Ball, location: 2F 0-2: Ball 1-2: Foul Ball, location: 2F 1-2: Ball 2-2: Foul Ball, location: 2F 2-2: Strikes out swinging
|
| Bottom of the 7th over - 2 runs, 4 hits, 0 errors, 2 left on base; Niagara Falls 2 - Chester 4 |
| TOP OF THE 8TH |
|
Niagara Falls Phantoms batting - Pitching for Chester Pirates : LHP Juan Hernandez
|
|
Batting: SHB Bruce Shelton
|
0-0: Ball 1-0: Ball 2-0: Ball 3-0: Called Strike 3-1: Base on Balls
|
|
Batting: RHB Jose Villanueva
|
0-0: Ball 1-0: Called Strike 1-1: SINGLE (Groundball, 56D, EV 101.9 MPH) Bruce Shelton to second
|
|
Pitching: RHP Marvin Sharpe
|
|
|
Batting: RHB Scott Cuff
|
0-0: Swinging Strike 0-1: Swinging Strike 0-2: Ball 1-2: Strikes out looking
|
|
Batting: LHB Victor Reyna
|
0-0: Called Strike 0-1: Ball 1-1: DOUBLE (Line Drive, 7LM, EV 101.9 MPH) Bruce Shelton scores Jose Villanueva to third
|
|
Batting: RHB Jim O'Dwyer
|
0-0: Foul Ball, location: 2F 0-1: Foul Ball, location: 2F 0-2: Ball 1-2: Foul Ball, location: 2F 1-2: Foul Ball, location: 2F 1-2: Foul Ball, location: 2F 1-2: Foul Ball, location: 2F 1-2: Ball 2-2: Strikes out looking
|
|
Batting: LHB Luis Ponce
|
0-0: Ball 1-0: Ball 2-0: Ball 3-0: Base on Balls
|
|
Batting: RHB Greg Oxford
|
0-0: Called Strike 0-1: Swinging Strike 0-2: Strikes out looking
|
| Top of the 8th over - 1 run, 2 hits, 0 errors, 3 left on base; Niagara Falls 3 - Chester 4 |
| BOTTOM OF THE 8TH |
|
Chester Pirates batting - Pitching for Niagara Falls Phantoms : LHP Daniel Fagan
|
|
Batting: LHB Ernesto Gasca
|
0-0: Ground out 3-1 (Groundball, 34, EV 103.8 MPH)
|
|
Batting: RHB Jason Rhodes
|
0-0: Fly out, F4 (Line Drive, 4, EV 69.4 MPH)
|
|
Batting: RHB Joe Stepnowski
|
0-0: Ball 1-0: Foul Ball, location: 2F 1-1: Foul Ball, location: 2F 1-2: Foul Ball, location: 2F 1-2: Foul Ball, location: 2F 1-2: Strikes out looking
|
| Bottom of the 8th over - 0 runs, 0 hits, 0 errors, 0 left on base; Niagara Falls 3 - Chester 4 |
| TOP OF THE 9TH |
|
Niagara Falls Phantoms batting - Pitching for Chester Pirates : RHP Marvin Sharpe
|
|
Pitching: LHP Ighlas Kumbuka
|
|
|
Batting: RHB Brian Biordi
|
0-0: Called Strike 0-1: Ball 1-1: Foul Ball, location: 2F 1-2: Strikes out looking
|
|
Batting: RHB Alfredo Mendez
|
0-0: Called Strike 0-1: Ball 1-1: SINGLE (Line Drive, 8LD, EV 105.0 MPH)
|
|
Batting: SHB Bruce Shelton
|
0-0: Ball 1-0: Grounds into double play, 6-4-3 (Groundball, 6, EV 86.2 MPH)
|
| Top of the 9th over - 0 runs, 1 hit, 0 errors, 0 left on base; Niagara Falls 3 - Chester 4 |
|